 Dungeon Crawl Stone Soup version 0.17-a0-744-gaa96792 (webtiles) character file.

619957 oplop the Imperceptible (level 27, -5/182 HPs)
             Began as a Kobold Assassin on Apr 20, 2015.
             Was the Champion of Okawaru.
             Slain by a mottled draconian knight
             ... wielding a +4 battleaxe of freezing
             ... led by Tiamat
              (7 damage)
             ... on level 3 of the Realm of Zot on Apr 21, 2015.
             The game lasted 06:07:40 (73059 turns).

oplop the Imperceptible (Kobold Assassin)          Turns: 73059, Time: 06:07:40

Health: -5/182     AC: 30    Str:  9 (12) XL:     27
Magic:  24/31      EV: 35    Int:  8      God:    Okawaru [******]
Gold:   6697       SH: 14    Dex: 34 (38) Spells: 8 memorised, 23 levels left

rFire  + + .     SeeInvis +     a - +8 autumn katana {slice, Clar}
rCold  + + +     Clarity  +     k - +5 ring mail "Sano" {rF+ MR++}
rNeg   . . .     SustAb   .     A - +2 buckler {AC+3}
rPois  +         Gourm    .     L - +2 hat {SInv}
rElec  +         Spirit   .     z - +2 cloak {+Inv}
rCorr  .         Warding  .     q - +1 pair of gloves {Dex+3}
rMut   .         Stasis   .     o - +1 pair of boots {run}
MR     +++++                    Z - amulet "Roghihoh" {Clar rElec rC+}
Stlth  ++++++++++               h - ring "Qaroyree" {MR+ Dex+3 Slay+3}
                                M - ring "Vadaack" {rC++ MR+ Dex+3}

@: lethally poisoned (-5 -> -5), very slightly contaminated, regenerating,
invisible, quick, almost entirely resistant to hostile enchantments, uncannily
stealthy
A: iridescent scales 1, large bone plates 1, molten scales 1, berserk 1, blurry
vision 1, carnivore 3, cold resistance 1, deformed body, deterioration 1, fire
resistance 1, low mp 2, poison resistance, regeneration 1
a: Heroism, Finesse, Renounce Religion, Turn Visible
}: 3/15 runes: serpentine, barnacled, silver


You were on level 3 of the Realm of Zot.
You worshipped Okawaru.
Okawaru was exalted by your worship.
You were full.

You visited 10 branches of the dungeon, and saw 54 of its levels.
You visited the Abyss 1 time.
You visited 2 bazaars.
You also visited: Ice Cave and Volcano.

You collected 10297 gold pieces.
You spent 3600 gold pieces at shops.

Inventory:

Hand weapons
 a - the +8 autumn katana (weapon) {slice, Clar}
   (You took it off a deep elf fighter on level 5 of the Vaults)

   It inflicts extra damage upon your enemies.
   It protects you against confusion.
 b - the +2 blowgun of Impermanence {speed, rElec rN+ Dex+2}
   (You found it on level 3 of the Depths)

   Attacks with this weapon are significantly faster.
   It affects your dexterity (+2).
   It insulates you from electricity.
   It protects you from negative energy.
 c - the +9 short sword of Fugil {holy, Dex+3}
   (Okawaru gifted it to you on level 1 of the Vaults)

   It has been blessed by the Shining One to cause great damage to the undead
   and demons.
   It affects your dexterity (+3).
Missiles
 e - 9 needles of confusion
 f - 19 curare-tipped needles
 m - 7 poisoned tomahawks
 H - 11 needles of paralysis
 O - 14 steel tomahawks (quivered)
 P - 2 needles of frenzy
Armour
 k - the +5 ring mail "Sano" (worn) {rF+ MR++}
   (You found it on level 3 of the Elven Halls)

   It protects you from fire.
   It affects your resistance to hostile enchantments.
 o - a +1 pair of boots of running (worn)
 q - a +1 pair of gloves of dexterity (worn)
 z - a +2 cloak of invisibility (worn)
 A - a +2 buckler of protection (worn)
 L - a +2 hat of see invisible (worn)
Jewellery
 h - the ring "Qaroyree" (right hand) {MR+ Dex+3 Slay+3}
   (You found it on level 1 of the Depths)

   [ring of protection from magic]

   It affects your dexterity (+3).
   It affects your accuracy and damage with ranged weapons and melee attacks
   (+3).
   It affects your resistance to hostile enchantments.
 r - an uncursed ring of teleport control
 G - an uncursed amulet of regeneration
 I - an uncursed ring of teleportation
 M - the ring "Vadaack" (left hand) {rC++ MR+ Dex+3}
   (You took it off a tengu reaver on level 5 of the Vaults)

   [ring of dexterity]

   It affects your dexterity (+3).
   It greatly protects you from cold.
   It affects your resistance to hostile enchantments.
 R - an uncursed amulet of resist mutation
 U - an uncursed ring of protection from cold
 Z - the amulet "Roghihoh" (around neck) {Clar rElec rC+}
   (You took it off an ironbrand convoker on level 5 of the Vaults)

   [amulet of clarity]

   It provides mental clarity.
   It protects you from cold.
   It insulates you from electricity.
Magical devices
 d - a wand of polymorph (7)
 v - a wand of digging (5)
 x - a wand of hasting (5)
 Q - a wand of disintegration (11)
 T - a wand of digging (6)
Scrolls
 i - 20 scrolls of remove curse
 p - 11 scrolls of magic mapping
 y - 9 scrolls of blinking
 C - 6 scrolls of recharging
 D - 11 scrolls of teleportation
 E - 13 scrolls of immolation
 F - 12 scrolls of fear
 J - 5 scrolls of fog
 S - 3 scrolls of enchant weapon
 V - 11 scrolls of identify
 W - 6 scrolls of enchant armour
 X - a scroll of amnesia
Potions
 j - 2 potions of flight
 n - 8 potions of heal wounds
 s - 14 potions of agility
 u - 22 potions of curing
 w - 9 potions of might
 B - 8 potions of restore abilities
 K - 6 potions of haste
 N - a potion of invisibility
 Y - 5 potions of resistance
Miscellaneous
 l - an ornate deck of summoning {drawn: 3}
Comestibles
 g - 28 meat rations
 t - 2 slices of pizza


   Skills:
 - Level 21.2 Fighting
 - Level 14.7(16.6) Short Blades
 + Level 9.0(10.9) Long Blades
 - Level 19.9 Throwing
 - Level 10.5 Armour
 - Level 20.4 Dodging
 - Level 24.6 Stealth
 - Level 7.6 Shields
 - Level 12.9 Spellcasting
 - Level 13.2 Charms
 - Level 6.7 Necromancy
 - Level 10.3 Translocations
 - Level 12.2 Air Magic
 - Level 6.8 Invocations
 - Level 10.8 Evocations


You had 23 spell levels left.
You knew the following spells:

 Your Spells              Type           Power        Failure   Level  Hunger
a - Animate Skeleton      Necr           N/A          1%          1    None
b - Deflect Missiles      Chrm/Air       ####......   24%         6    #######
c - Haste                 Chrm           ####....     21%         6    #######
d - Regeneration          Chrm/Necr      ###.......   1%          3    ##.....
e - Repel Missiles        Chrm/Air       ####..       1%          2    None
f - Blink                 Tloc           N/A          1%          2    None
g - Phase Shift           Tloc           ###.......   12%         5    #####..
h - Flight                Chrm/Air       ####......   1%          3    ##.....


Dungeon Overview and Level Annotations

Branches:
Dungeon (15/15)            Temple (1/1) D:6            Lair (8/8) D:9
 Shoals (5/5) Lair:5        Snake (5/5) Lair:4        Slime (0/6) Lair:6
    Orc (4/4) D:11            Elf (3/3) Orc:4        Vaults (5/5) D:13
  Crypt (0/3) Vaults:2     Depths (5/5) D:15            Zot (3/5) Depths:5

Altars:
Ashenzari
Cheibriados
Dithmenos
Elyvilon
Fedhas
Gozag
Kikubaaqudgha
Makhleb
Nemelex Xobeh
Okawaru
Qazlal
Ru
Sif Muna
Trog
Vehumet
Xom
Yredelemnul
Zin
The Shining One

Shops:
D:6 [*   D:7 :   D:9 :   D:11 [=   D:13 *   Orc:4 (:((   Elf:1 *:}(   Elf:2 =
Elf:3 (   Shoals:1 =   Shoals:3 *   Snake:1 %   Vaults:3 (   Depths:1 ((*
Depths:3 ([   Depths:4 %   Depths:5 (

Portals:
Hell: Depths:1 Depths:2 Depths:3 Depths:4 Depths:5
Abyss: Depths:4
Pandemonium: Depths:3 Depths:4
Ziggurat: Depths:5

Annotations:
Zot:3 Tiamat


Innate Abilities, Weirdness & Mutations

You are small and have problems with some larger weapons.
You are carnivorous and can eat meat at any time.
You are partially covered in iridescent scales (AC +4).
You are partially covered in large bone plates (AC +2, SH +2).
You are partially covered in molten scales (AC +1).
You tend to lose your temper in combat.
Scrolls take you a little longer to read.
Your flesh is cold resistant.
Armour fits poorly on your strangely shaped body.
Your body is slowly deteriorating.
Your flesh is heat resistant.
Your magical capacity is very low (-20% MP).
Your system is resistant to poisons.
Your natural rate of healing is unusually fast.


Message History

You fade into invisibility!
You are very lightly contaminated with residual magic.
You feel quite a bit less full.
You feel sick.
The yellow draconian knight is no longer covered in acid.
You block the yellow draconian knight's attack.
The black draconian misses you.
The mottled draconian knight completely misses you.
The yellow draconian spits acid at you.
The splash of acid hits the black draconian.
The black draconian writhes in agony as its flesh is eaten away!
The yellow draconian knight blocks your attack.
You strike the helpless yellow draconian knight from behind!
You slice the yellow draconian knight!!
The yellow draconian knight is almost dead.
You feel sick.
Tiamat hits you from afar with a demon trident of venom!!!
* * * LOW HITPOINT WARNING * * *
The mottled draconian knight is engulfed in freezing vapours.
The mottled draconian knight hits you with a battleaxe of freezing!
You die...

... ##.......
##.........
...........
..........#
........ d.dd.#
##qqd# ##)@d#
##.ยง..# ...
#....###...
##.....#....#
#..........#
.###.......>.###
...#............#
............#..##
............#..##


You could see Tiamat, 2 draconians, 2 draconians, a mottled draconian and a
yellow draconian.

Vanquished Creatures
  An ancient lich (Depths:4)
  Sojobo (Vaults:5)
  Margery (Depths:3)
  Norris (Elf:2)
  2 caustic shrikes (Depths:3)
  A curse toe (Zot:2)
  Nikola (Depths:2)
  Jory (Vaults:4)
  7 golden dragons
  The ghost of xeno23 the Unseen, a mighty DsAK of Lugonu (Vaults:5)
  2 electric golems (Zot:2)
  14 tentacled monstrosities
  Rupert (Lair:8)
  7 titans
  4 liches
  3 deep elf blademasters
  5 deep elf master archers
  7 sphinxes
  An Executioner (Elf:3)
  2 krakens
  An octopode crusher (Depths:1)
  An ancient champion (Depths:3)
  5 shadow dragons
  Agnes (D:14)
  Frances (Shoals:1)
  9 tengu reavers
  5 draconian monks
  11 storm dragons
  10 fire giants
  10 greater nagas
  Ilsuiw (Shoals:5)
  9 deep elf sorcerers
  An azure jelly (shapeshifter) (Elf:2)
  An iron dragon (Depths:4)
  2 draconian knights
  13 frost giants
  6 draconian shifters (Zot:1)
  Aizul (Elf:2)
  2 ghost moths
  Louise (Snake:1)
  2 draconian scorchers
  5 draconian zealots
  15 vault wardens
  16 stone giants
  20 ironheart preservers
  5 spriggan defenders
  4 war gargoyles
  15 very ugly things
  4 draconian callers
  A draconian annihilator (Zot:1)
  4 green draconians
  A salamander firebrand (Depths:3)
  A vampire knight (Depths:3)
  9 black draconians
  5 deep elf demonologists
  4 white draconians
  7 yellow draconians
  Azrael (Snake:1)
  5 rakshasas
  12 mottled draconians
  12 deep elf annihilators
  7 red draconians
  A purple draconian (Zot:1)
  12 ettins
  5 merfolk javelineers
  Snorg (Lair:8)
  6 deep elf death magi
  13 merfolk impalers
  38 vault guards
  13 fire dragons
  14 yaktaur captains
  A crystal guardian (Vaults:3)
  6 entropy weavers
  9 ice dragons
  4 deep elf high priests
  13 great orbs of eyes
  5 spriggan air magi
  5 death cobs
  Harold (Orc:2)
  14 naga warriors
  8 anacondas
  9 hydras
  7 merfolk avatars
  23 ogre magi
  2 catoblepae
  3 satyrs
  4 salamander stormcallers
  A death knight (Depths:3)
  6 merfolk aquamancers
  3 vampire magi
  A death yak (shapeshifter) (Vaults:4)
  4 deep troll shamans
  12 dancing weapons
  11 centaur warriors
  9 death yaks
  4 deep troll earth magi
  10 tengu warriors
  2 orc high priests
  5 shock serpents
  A soul eater (Elf:3)
  24 naga sharpshooters
  6 spriggan berserkers
  19 hell knights
  3 shadow wraiths
  15 skeletal warriors
  2 fire crabs
  24 deep elf knights
  A flayed ghost (Vaults:4)
  4 salamander mystics
  14 sea snakes
  18 deep trolls
  11 deep elf summoners
  4 phantasmal warriors
  A giant orange brain (Depths:2)
  5 unseen horrors
  An ice statue (IceCv)
  A putrid demonspawn (D:14)
  11 naga ritualists
  15 ironbrand convokers
  13 orc knights
  12 hill giants
  9 manticores
  3 orc sorcerers
  23 salamanders
  15 moths of wrath
  13 mana vipers
  31 harpies
  3 wizards
  8 necromancers
  17 deep elf conjurers
  3 oklob plants
  5 wolf spiders
  A shining eye (shapeshifter) (D:14)
  15 griffons
  6 cyclopes
  A hornet (shapeshifter) (Vaults:1)
  4 water nymphs
  16 fauns
  A hornet (D:14)
  3 large abominations
  A rust devil (Elf:1)
  65 ugly things
  9 elephants
  A moth of wrath (shapeshifter) (Elf:2)
  26 black mambas
  9 sirens
  Joseph (D:8)
  5 drowned souls
  A black mamba (shapeshifter) (Depths:1)
  A smoke demon (Elf:3)
  2 gargoyles (D:11)
  20 naga magi
  16 vault sentinels
  6 guardian serpents
  Psyche (D:8)
  A queen ant (shapeshifter) (Vaults:5)
  2 torpor snails
  A spiny frog (shapeshifter) (Depths:2)
  3 centaur skeletons
  9 komodo dragons
  An orange demon (Elf:3)
  2 human zombies (Vaults:4)
  10 spiny frogs
  A fire drake (Volcano)
  6 tengu conjurers
  2 kobold demonologists
  A tormentor (Depths:4)
  16 deep elf priests
  A wind drake (shapeshifter) (Vaults:4)
  A spriggan druid (Lair:8)
  A hellwing (Elf:1)
  A queen bee (D:12)
  21 polar bears
  4 freezing wraiths
  42 two-headed ogres
  38 merfolk
  A raiju (shapeshifter) (Vaults:4)
  8 trolls
  42 yaktaurs
  2 wind drakes
  38 slime creatures
  2 jumping spiders
  8 snapping turtles
  3 blink frogs (shapeshifter)
  A boulder beetle (shapeshifter) (Depths:1)
  10 blink frogs
  A trapdoor spider zombie (D:12)
  3 boulder beetles
  An ettin zombie (Vaults:4)
  A wolf spider simulacrum (D:15)
  15 ravens
  A fire giant simulacrum (Vaults:4)
  14 redbacks
  A redback (shapeshifter) (Depths:2)
  2 shadows (D:13)
  45 deep elf magi
  A hog (shapeshifter) (Vaults:3)
  A yak (shapeshifter) (Depths:4)
  23 spriggans
  2 air elementals (Depths:2)
  3 fire elementals (Snake:1)
  A human (D:13)
  2 fire bats (D:15)
  A trapdoor spider (D:13)
  A basilisk (shapeshifter) (Depths:1)
  84 yaks
  A spriggan (shapeshifter) (Vaults:5)
  4 basilisks
  16 water elementals
  8 wraiths
  40 deep elf fighters
  A trapdoor spider (shapeshifter) (Vaults:2)
  10 hippogriffs
  3 wargs
  17 vampire mosquitoes
  4 hungry ghosts
  4 wyverns
  2 hogs (Volcano)
  A human simulacrum (Vaults:3)
  A soldier ant (D:15)
  A chaos spawn (Elf:3)
  67 nagas
  2 mottled dragons
  Edmund (D:5)
  35 wolves
  3 hell hounds
  9 ice beasts
  A hornet simulacrum (Vaults:1)
  14 porcupines
  29 water moccasins
  85 ogres
  36 orc warriors
  An eye of draining (D:12)
  5 phantoms
  A sky beast (D:13)
  7 black bears
  A spider (shapeshifter) (Vaults:5)
  14 wasps
  3 boggarts (D:15)
  5 boring beetles
  An ettin simulacrum (Vaults:3)
  2 big kobolds
  28 centaurs
  16 crocodiles
  A lost soul (Elf:3)
  4 elf zombies (Elf:1)
  18 giant frogs
  A wyvern zombie (D:10)
  8 scorpions
  35 killer bees
  2 vampire bats (D:15)
  15 wights
  3 electric eels
  5 crimson imps
  6 centaur zombies
  34 orc wizards
  4 gnoll shamans (D:4)
  4 goliath beetles (D:15)
  10 hounds
  Crazy Yiuf (D:5)
  21 orc priests
  A giant frog zombie (D:11)
  5 jellies
  3 giant frog skeletons
  9 iguanas
  2 killer bee zombies
  35 sheep
  17 worker ants
  4 hound zombies
  28 gnolls
  16 adders
  An adder (shapeshifter) (Vaults:4)
  52 river rats
  6 shadow imps
  12 white imps (D:14)
  A giant eyeball (Depths:3)
  An ufetubus (Depths:4)
  6 oozes (D:15)
  3 adder skeletons
  An adder zombie (D:8)
  3 worms
  6 giant geckos
  198 orcs
  2 bat skeletons (D:4)
  6 giant cockroaches
  13 hobgoblins
  39 jackals
  17 kobolds
  3 quokkas
  4 ball pythons
  16 bats
  A giant cockroach zombie (D:5)
  A giant gecko skeleton (D:4)
  6 giant newts
  A giant spore (D:14)
  23 goblins
  A jackal skeleton (D:4)
  A quokka zombie (D:6)
  9 rats
  A spectral orc (D:7)
  4 ballistomycetes
  5 crawling corpses
  A fungus (Elf:2)
  3 tentacles (Shoals:5)
2840 creatures vanquished.

Vanquished Creatures (collateral kills)
  3 tentacled monstrosities
  A lich (Depths:4)
  A sphinx (Vaults:5)
  A storm dragon (Zot:1)
  Roxanne (Snake:1)
  3 fire giants (Depths:4)
  3 greater nagas (Snake:5)
  3 frost giants
  A vault warden (Vaults:5)
  A spriggan defender (Depths:2)
  5 stone giants
  A white draconian (Depths:5)
  2 deep elf high priests
  2 vault guards
  Josephine (Snake:1)
  A great orb of eyes (Depths:4)
  An ice dragon (Depths:5)
  3 naga warriors
  A spriggan air mage (Depths:5)
  An entropy weaver (Depths:4)
  An anaconda (Snake:4)
  2 dancing weapons (Elf:2)
  A tengu warrior (Depths:3)
  An ogre mage (Depths:2)
  3 naga sharpshooters
  A fire crab (Vaults:4)
  4 hell knights
  2 deep elf knights
  A naga ritualist (Snake:5)
  A flayed ghost (Depths:2)
  2 sea snakes (Snake:4)
  5 deep trolls (Depths:5)
  2 necromancers
  3 ironbrand convokers
  An orc knight (Vaults:5)
  A mana viper (Snake:5)
  A black mamba (Snake:3)
  2 guardian serpents
  An orc sorcerer (Vaults:3)
  2 salamanders
  4 naga magi (Snake:5)
  5 yaktaurs
  A troll (Vaults:3)
  A freezing wraith (Vaults:5)
  A tengu conjurer (Depths:3)
  2 two-headed ogres
  2 air elementals (Depths:2)
  A water elemental (Depths:3)
  2 deep elf magi
  A redback (Depths:3)
  A spriggan (Depths:5)
  2 deep elf fighters
  A wraith (Snake:1)
  19 nagas
  A hell hound (Snake:1)
  2 water moccasins (Snake:4)
  An orc warrior (Vaults:4)
  4 ogres
  A giant eyeball (Depths:3)
  3 orcs (Vaults:4)
  A crawling corpse (Vaults:3)
  2 plants (Snake:4)
131 creatures vanquished.

Vanquished Creatures (others)
  2 tentacled monstrosities
  An ancient champion (Vaults:2)
  A greater naga (Snake:5)
  A deep elf sorcerer (Vaults:5)
  A fire giant (Snake:5)
  4 vault wardens
  3 ironheart preservers
  A deep elf demonologist (Vaults:3)
  3 merfolk impalers
  A vault guard (Vaults:2)
  A great orb of eyes (Depths:5)
  A hydra (Lair:3)
  2 yaktaur captains (Vaults:2)
  3 centaur warriors
  An anaconda (Snake:5)
  3 deep troll earth magi
  A deep troll (Vaults:1)
  2 unseen horrors (Vaults:1)
  3 sea snakes
  3 hell knights
  A naga (Snake:5)
  An ironbrand convoker (Vaults:2)
  2 naga ritualists (Snake:5)
  2 giant orange brains
  2 harpies
  A manticore (Shoals:4)
  A water nymph (Shoals:5)
  An ugly thing (Vaults:4)
  A black mamba (Snake:4)
  A cyclops (Vaults:2)
  A siren (Shoals:5)
  10 drowned souls (Shoals:3)
  A guardian serpent (Snake:5)
  2 vault sentinels
  3 naga magi (Snake:5)
  A freezing wraith (Vaults:2)
  7 merfolk
  12 yaktaurs
  A boulder beetle (Vaults:2)
  4 snapping turtles
  A two-headed ogre (Vaults:5)
  A raven (Depths:2)
  A tarantella (Vaults:4)
  A water elemental (Shoals:4)
  3 deep elf magi
  3 deep elf fighters
  A wolf (IceCv)
  2 orc warriors
  A spider (Snake:5)
  4 ogres
  A lost soul (Vaults:3)
  4 centaurs (Vaults:1)
  A giant frog (D:11)
  A sheep (Shoals:4)
  2 orcs
  2 giant spores
  A kobold (D:12)
  A ballistomycete (D:11)
  9 fungi
  10 plants
  8 tentacles (Shoals:5)
  78 tentacle segments (Shoals:5)
229 creatures vanquished.

Grand Total: 3200 creatures vanquished

Notes
Turn   | Place    | Note
--------------------------------------------------------------
     0 | D:1      | oplop, the Kobold Assassin, began the quest for the Orb.
     0 | D:1      | Reached XP level 1. HP: 12/12 MP: 1/1
    29 | D:1      | Reached XP level 2. HP: 2/18 MP: 2/2
   387 | D:1      | Reached XP level 3. HP: 22/22 MP: 3/3
   759 | D:2      | Reached XP level 4. HP: 14/28 MP: 4/4
   817 | D:2      | Found a blossoming altar of Fedhas.
   850 | D:2      | Found a burning altar of Makhleb.
   872 | D:2      | Found a glowing golden altar of the Shining One.
   936 | D:2      | Reached XP level 5. HP: 30/32 MP: 5/5
  1142 | D:2      | Found a sparkling altar of Nemelex Xobeh.
  1318 | D:2      | Found an ancient bone altar of Kikubaaqudgha.
  2139 | D:3      | Found a sparkling altar of Nemelex Xobeh.
  2390 | D:4      | Found a bloodstained altar of Trog.
  2390 | D:4      | Found a sacrificial altar of Ru.
  2504 | D:4      | Noticed a phantom
  2512 | D:4      | Killed a phantom
  2512 | D:4      | Reached skill level 5 in Short Blades
  2512 | D:4      | Reached XP level 6. HP: 37/39 MP: 6/6
  2613 | D:4      | Noticed a phantom
  2950 | D:4      | Found a shadowy altar of Dithmenos.
  2997 | D:4      | Reached XP level 7. HP: 44/44 MP: 7/7
  3118 | D:4      | Reached skill level 6 in Short Blades
  3380 | D:4      | Noticed an ogre
  3399 | D:4      | Killed an ogre
  3399 | D:4      | Reached skill level 5 in Fighting
  3492 | D:4      | Reached skill level 5 in Dodging
  3638 | D:4      | Reached skill level 7 in Short Blades
  3666 | D:4      | Reached XP level 8. HP: 50/50 MP: 8/8
  4240 | D:5      | Entered Level 5 of the Dungeon
  4398 | D:5      | Noticed Edmund
  4430 | D:5      | Killed Edmund
  4430 | D:5      | Reached skill level 8 in Short Blades
  5244 | D:5      | Noticed Crazy Yiuf
  5255 | D:5      | Killed Crazy Yiuf
  5255 | D:5      | Reached XP level 9. HP: 56/56 MP: 9/9
  5564 | D:6      | Reached skill level 1 in Evocations
  5595 | D:6      | Found Koezxiloi's General Store.
  5650 | D:6      | Found Akemaqus's Antique Armour Shoppe.
  5670 | D:6      | Bought a buckler for 148 gold pieces
  5763 | D:6      | Found an iron altar of Okawaru.
  5775 | D:6      | Reached skill level 9 in Short Blades
  5964 | D:6      | Found a staircase to the Ecumenical Temple.
  5986 | D:6      | Reached skill level 1 in Shields
  5996 | Temple   | Entered the Ecumenical Temple
  6273 | Temple   | Became a worshipper of Warmaster Okawaru
  6719 | D:6      | Found a stormy altar of Qazlal.
  6720 | D:6      | Found a deep blue altar of Sif Muna.
  6810 | D:7      | Found Tiumolu's Book Shoppe.
  6902 | D:7      | Found an opulent altar of Gozag.
  6961 | D:7      | Found a shattered altar of Ashenzari.
  7015 | D:7      | Found a basalt altar of Yredelemnul.
  7117 | D:7      | Acquired Okawaru's first power
  7288 | D:7      | Reached skill level 10 in Short Blades
  7645 | D:7      | Reached skill level 5 in Evocations
  7645 | D:7      | Reached XP level 10. HP: 61/61 MP: 13/13
  8248 | D:8      | Noticed Joseph
  8290 | D:8      | Killed Joseph
  8445 | D:8      | Noticed Psyche
  8450 | D:8      | Killed Psyche
  8909 | D:9      | Reached skill level 5 in Throwing
  9045 | D:9      | Found a staircase to the Lair.
  9121 | D:9      | Reached skill level 5 in Shields
  9182 | D:9      | Reached XP level 11. HP: 66/66 MP: 15/17
  9275 | D:9      | Found Pos Yxos's Book Shop.
  9705 | D:10     | Entered Level 10 of the Dungeon
  9879 | D:10     | Noticed a hill giant
  9902 | D:10     | Killed a hill giant
 10488 | D:11     | Noticed a manticore
 10498 | D:11     | Killed a manticore
 10592 | D:11     | Found Bohut's Armour Shop.
 10592 | D:11     | Found a staircase to the Orcish Mines.
 10876 | D:11     | Noticed a cyan ugly thing
 10897 | D:11     | Killed a cyan ugly thing
 10938 | D:11     | Gained mutation: You are partially covered in molten scales (AC +1). [potion of beneficial mutation]
 11051 | D:11     | Noticed a hill giant
 11082 | D:11     | Killed a hill giant
 11082 | D:11     | Reached skill level 10 in Evocations
 11197 | D:11     | Found Saitykai's Jewellery Emporium.
 11322 | D:11     | Killed an unseen horror
 11437 | D:11     | Noticed a red ugly thing
 11445 | D:11     | Killed a red ugly thing
 11445 | D:11     | Acquired Okawaru's second power
 11445 | D:11     | Received a gift from Okawaru
 11445 | D:11     | Reached XP level 12. HP: 74/74 MP: 16/19
 11463 | D:11     | Noticed a hill giant
 11488 | D:11     | Killed an unseen horror
 11560 | D:11     | Killed an unseen horror
 11605 | D:11     | Killed a hill giant
 11853 | Lair:1   | Entered Level 1 of the Lair of Beasts
 11869 | Lair:1   | Gained mutation: You expend magic power (3 MP) to strengthen your wands. [potion of mutation]
 11869 | Lair:1   | Gained mutation: Your mind is acute. (Int +2) [potion of mutation]
 12076 | Lair:1   | Reached skill level 1 in Armour
 12084 | Lair:1   | Received a gift from Okawaru
 13364 | Lair:2   | Reached skill level 10 in Fighting
 13707 | Lair:3   | Reached XP level 13. HP: 39/82 MP: 21/21
 15244 | Lair:4   | Reached skill level 10 in Stealth
 15307 | Lair:4   | Reached skill level 5 in Armour
 15399 | Lair:4   | Reached skill level 11 in Fighting
 15497 | Lair:4   | Found a staircase to the Snake Pit.
 15747 | Lair:4   | Gained mutation: Your natural rate of healing is unusually fast. [helix card]
 16113 | Lair:5   | Received a gift from Okawaru
 16158 | Lair:5   | Noticed a fire dragon
 16167 | Lair:5   | Killed a fire dragon
 16253 | Lair:5   | Found a glowing golden altar of the Shining One.
 16282 | Lair:5   | Received a gift from Okawaru
 16932 | Lair:5   | Found a staircase to the Shoals.
 17328 | Lair:6   | Found a staircase to the Slime Pits.
 17423 | Lair:6   | Found a white marble altar of Elyvilon.
 18045 | Lair:7   | Reached XP level 14. HP: 71/91 MP: 22/22
 18072 | Lair:7   | Reached skill level 12 in Stealth
 18221 | Lair:7   | Received a gift from Okawaru
 18743 | Lair:7   | Reached skill level 13 in Stealth
 18820 | Lair:7   | Gained mutation: You have large cloven feet. [potion of mutation]
 18821 | Lair:7   | Gained mutation: You are partially covered in yellow scales (AC +2). [potion of mutation]
 18821 | Lair:7   | Gained mutation: You tend to lose your temper in combat. [potion of mutation]
 18821 | Lair:7   | Lost mutation: You expend magic power (3 MP) to strengthen your wands. [potion of mutation]
 18846 | Lair:7   | Received a gift from Okawaru
 18849 | Lair:7   | Got a warped buckler {god gift}
 18860 | Lair:7   | Identified the +1 buckler of Okawaru's Condemnation {Int+4 Dex+2} (Okawaru gifted it to you on level 7 of the Lair of Beasts)
 19224 | Lair:8   | Entered Level 8 of the Lair of Beasts
 19353 | Lair:8   | Noticed Snorg
 19451 | Lair:8   | Killed Snorg
 19451 | Lair:8   | Reached skill level 14 in Stealth
 19707 | Lair:8   | Reached XP level 15. HP: 65/99 MP: 23/23
 19987 | Lair:8   | Noticed Rupert
 20037 | Lair:8   | Reached skill level 15 in Stealth
 20077 | Lair:8   | Received a gift from Okawaru
 20724 | Lair:8   | Killed Rupert
 20932 | Lair:4   | You fall through a shaft!
 22111 | D:13     | Received a gift from Okawaru
 22307 | D:13     | Reached skill level 16 in Stealth
 22385 | D:13     | Reached XP level 16. HP: 64/107 MP: 24/24
 22467 | D:13     | Reached skill level 1 in Invocations
 22585 | D:13     | Reached skill level 10 in Dodging
 22635 | D:13     | Found a gate to the Vaults.
 22854 | D:13     | Found Oruur's General Store.
 22861 | D:13     | Bought a +1 pair of boots of running for 474 gold pieces
 23336 | D:14     | Gained mutation: Your muscles are strong. (Str +2) [helix card]
 23344 | D:14     | Identified a scroll of acquirement
 23373 | D:14     | Found a frozen archway.
 23448 | D:14     | Gained mutation: You are frail (-10% HP). [mutagenic glow]
 23626 | IceCv    | Entered an ice cave
 23915 | IceCv    | Reached skill level 5 in Invocations
 23975 | IceCv    | Received a gift from Okawaru
 24733 | D:14     | Noticed Agnes
 24742 | D:14     | Killed Agnes
 25085 | D:15     | Entered Level 15 of the Dungeon
 25157 | D:15     | Reached XP level 17. HP: 100/100 MP: 25/25
 25380 | D:15     | Received a gift from Okawaru
 25663 | D:15     | Learned a level 1 spell: Animate Skeleton
 26247 | D:15     | Found a staircase to the Depths.
 26446 | D:15     | Reached skill level 15 in Dodging
 26692 | Orc:1    | Entered Level 1 of the Orcish Mines
 26868 | Orc:1    | Reached skill level 17 in Stealth
 27100 | Orc:2    | Noticed Harold
 27162 | Orc:2    | Killed Harold
 27786 | Orc:3    | Found a dark tunnel.
 27795 | Volcano  | Entered a volcano
 27867 | Volcano  | Reached skill level 1 in Spellcasting
 27923 | Volcano  | Reached skill level 5 in Spellcasting
 27923 | Volcano  | Reached XP level 18. HP: 105/105 MP: 26/26
 28504 | Orc:4    | Entered Level 4 of the Orcish Mines
 28505 | Orc:4    | Found a staircase to the Elven Halls.
 28542 | Orc:4    | Found Iteumeq's Weapon Shoppe.
 28735 | Orc:4    | Found Reju's Weapon Emporium.
 28735 | Orc:4    | Found Wipriami's Weapon Boutique.
 28736 | Orc:4    | Found Onom Yni's Book Boutique.
 28831 | Orc:4    | Bought 3 curare-tipped needles for 23 gold pieces
 28832 | Orc:4    | Bought 3 needles of confusion for 24 gold pieces
 30140 | Shoals:1 | Entered Level 1 of the Shoals
 30421 | Shoals:1 | Found Izeallah's Jewellery Emporium.
 30613 | Shoals:1 | Noticed Frances
 30690 | Shoals:1 | Killed Frances
 30690 | Shoals:1 | Received a gift from Okawaru
 30690 | Shoals:1 | Reached skill level 15 in Fighting
 30779 | Shoals:1 | Reached XP level 19. HP: 111/111 MP: 27/29
 31244 | Shoals:2 | Found a flickering gateway to a bazaar.
 31253 | Bazaar   | Entered a bazaar
 31259 | Bazaar   | Found Coneoboi's Book Shop.
 31281 | Bazaar   | Found Lumuzeyn's Jewellery Shop.
 31318 | Bazaar   | Bought an uncursed amulet of clarity for 220 gold pieces
 31318 | Bazaar   | Bought an uncursed ring of protection from cold for 275 gold pieces
 31364 | Shoals:2 | Lost mutation: You have large cloven feet. [potion of cure mutation]
 31364 | Shoals:2 | Lost mutation: You tend to lose your temper in combat. [potion of cure mutation]
 31364 | Shoals:2 | Lost mutation: Your mind is acute. (Int +2) [potion of cure mutation]
 31364 | Shoals:2 | Lost mutation: Your muscles are strong. (Str +2) [potion of cure mutation]
 31364 | Shoals:2 | Lost mutation: You are frail (-10% HP). [potion of cure mutation]
 31406 | Shoals:2 | Found a white marble altar of Elyvilon.
 31473 | Shoals:2 | Reached skill level 10 in Throwing
 32430 | Shoals:3 | Found Kasy's Assorted Antiques.
 32438 | Shoals:3 | Bought a scroll of identify for 56 gold pieces
 32438 | Shoals:3 | Bought a potion of curing for 84 gold pieces
 32438 | Shoals:3 | Bought a scroll of teleportation for 84 gold pieces
 32438 | Shoals:3 | Bought a scroll of identify for 56 gold pieces
 32438 | Shoals:3 | Bought a dented blue amulet for 140 gold pieces
 32438 | Shoals:3 | Bought a scroll of teleportation for 84 gold pieces
 32782 | Shoals:4 | Received a gift from Okawaru
 33515 | Shoals:5 | Entered Level 5 of the Shoals
 33556 | Shoals:5 | Noticed Ilsuiw
 33564 | Shoals:5 | Killed Ilsuiw
 33923 | Shoals:5 | Reached XP level 20. HP: 29/132 MP: 33/33
 34149 | Shoals:5 | Received a gift from Okawaru
 34585 | Shoals:5 | Got a barnacled rune of Zot
 34858 | Shoals:5 | Got a dazzling hand crossbow
 34859 | Shoals:5 | Identified the cursed +1 hand crossbow of Erphaud {penet, +Blink rPois Int+2 Dex+4} (You found it on level 5 of the Shoals)
 34867 | Shoals:5 | Gained mutation: Armour fits poorly on your strangely shaped body. [mutagenic glow]
 34914 | Shoals:5 | Gained mutation: Your magical capacity is low (-10% MP). [mutagenic glow]
 35480 | Vaults:1 | Entered Level 1 of the Vaults
 35582 | Vaults:1 | Reached skill level 10 in Spellcasting
 35923 | Vaults:1 | Received a gift from Okawaru
 36007 | Vaults:1 | Got a transparent short sword {god gift}
 36008 | Vaults:1 | Identified the +9 short sword of Fugil {holy, Dex+3} (Okawaru gifted it to you on level 1 of the Vaults)
 36443 | Vaults:1 | Gained mutation: You tend to lose your temper in combat. [mutagenic meat]
 36449 | Vaults:1 | Gained mutation: You are partially covered in iridescent scales (AC +4). [mutagenic meat]
 36450 | Vaults:1 | Gained mutation: You are somewhat resistant to further mutation. [mutagenic meat]
 36454 | Vaults:1 | Gained mutation: Your magical capacity is very low (-20% MP). [mutagenic meat]
 36455 | Vaults:1 | Gained mutation: Scrolls take you a little longer to read. [mutagenic meat]
 36456 | Vaults:1 | Gained mutation: Your flesh is heat resistant. [mutagenic meat]
 36461 | Vaults:1 | Gained mutation: Your flesh is cold resistant. [mutagenic meat]
 37226 | Vaults:2 | Received a gift from Okawaru
 37285 | Vaults:2 | Lost mutation: Your magical capacity is very low (-20% MP). [mutagenic meat]
 37349 | Vaults:2 | Reached XP level 21. HP: 130/140 MP: 29/31
 37653 | Vaults:2 | Received a gift from Okawaru
 37696 | Vaults:2 | Found a staircase to the Crypt.
 37768 | Vaults:2 | Reached skill level 18 in Fighting
 37908 | Vaults:2 | Received a gift from Okawaru
 40359 | Depths:1 | Entered Level 1 of the Depths
 40377 | Depths:1 | Found Gozag's Assorted Antiques.
 40380 | Depths:1 | Found an opulent altar of Gozag.
 40380 | Depths:1 | Noticed a golden dragon
 40412 | Depths:1 | Found Gozag's Antique Weapon Shoppe.
 40419 | Depths:1 | Found Gozag's Antique Weapon Shoppe.
 40557 | Depths:1 | Got a wavering pewter ring
 40642 | Depths:1 | Found a gateway to Hell.
 40695 | Depths:1 | Identified the ring "Qaroyree" {MR+ Dex+3 Slay+3} (You found it on level 1 of the Depths)
 40786 | Depths:1 | Received a gift from Okawaru
 40806 | Depths:1 | Reached skill level 19 in Fighting
 40870 | Depths:1 | Received a gift from Okawaru
 41189 | Depths:1 | Got a faintly glowing falchion
 41193 | Depths:1 | Identified the cursed +1 falchion of Bemaop {vamp, MP+9 Str-3 Int+4 SInv} (You took it off a yaktaur on level 1 of the Depths)
 41398 | Depths:1 | Killed a golden dragon
 41409 | Depths:1 | Found a gateway to a bazaar.
 41450 | Bazaar   | Entered a bazaar
 41450 | Bazaar   | Found Peatuifi's Antique Weapon Emporium.
 41480 | Bazaar   | Found Pucrifoh's Gadget Boutique.
 41488 | Bazaar   | Found Faahudeg's Book Boutique.
 41493 | Bazaar   | Found Woanwosu's Jewellery Shop.
 41586 | Depths:1 | Reached XP level 22. HP: 140/150 MP: 29/32
 42085 | D:6      | Bought a book of Enchantments for 500 gold pieces
 42085 | D:6      | Bought a potion of cancellation for 80 gold pieces
 42085 | D:6      | Bought a potion of curing for 30 gold pieces
 42092 | D:6      | Learned a level 6 spell: Deflect Missiles
 42099 | D:6      | Learned a level 6 spell: Haste
 42713 | D:15     | Learned a level 3 spell: Regeneration
 42949 | Elf:1    | Entered Level 1 of the Elven Halls
 42956 | Elf:1    | Received a gift from Okawaru
 42966 | Elf:1    | Reached skill level 1 in Charms
 43092 | Elf:1    | Found Neavipn's Assorted Antiques.
 43100 | Elf:1    | Bought a scroll of blinking for 180 gold pieces
 43144 | Elf:1    | Found Nozof's Book Shoppe.
 43160 | Elf:1    | Bought a book of Minor Magic for 280 gold pieces
 43163 | Elf:1    | Learned a level 2 spell: Repel Missiles
 43166 | Elf:1    | Learned a level 2 spell: Blink
 43270 | Elf:1    | Found Qiedasip's Gadget Shoppe.
 43303 | Elf:1    | Found Oqasipp's Weapon Emporium.
 43503 | Elf:1    | Received a gift from Okawaru
 43552 | Elf:1    | Identified Seodacu's Tome of Darkness
 44047 | Elf:2    | Received a gift from Okawaru
 44086 | Elf:2    | Found Diuviul's Jewellery Boutique.
 44357 | Elf:2    | Received a gift from Okawaru
 44504 | Elf:2    | Found a runed gate.
 44504 | Elf:2    | Found a runed gate.
 44504 | Elf:2    | Found a runed gate.
 44557 | Elf:2    | Noticed Aizul
 44561 | Elf:2    | Noticed Norris
 44619 | Elf:2    | Killed Aizul
 44639 | Elf:2    | Gained mutation: Your magical capacity is very low (-20% MP). [mutagenic meat]
 44707 | Elf:2    | Killed Norris
 44707 | Elf:2    | Received a gift from Okawaru
 44781 | Elf:2    | Your ally Aizul died
 45005 | Elf:2    | Received a gift from Okawaru
 45164 | Elf:3    | Entered Level 3 of the Elven Halls
 45482 | Elf:3    | Found Xays's Antique Weapon Shoppe.
 45561 | Elf:3    | Received a gift from Okawaru
 45564 | Elf:3    | Reached skill level 5 in Charms
 46289 | Elf:3    | Drew Focus: Dex increased to 26, Int decreased to 8
 46323 | Elf:3    | Reached XP level 23. HP: 155/155 MP: 29/29
 46538 | Elf:3    | Identified a -1 rod of the swarm (14/14) (You found it on level 1 of the Elven Halls)
 46644 | Elf:3    | Identified Josop's Initiation to Rites and Rhymes
 46702 | Elf:3    | Got a faintly glowing scimitar
 46703 | Elf:3    | Identified the +4 scimitar "Fothok" {antimagic, Int+3} (You found it on level 3 of the Elven Halls)
 46764 | Elf:3    | Got a translucent ring mail
 46775 | Elf:3    | Identified the +5 ring mail "Sano" {rF+ MR++} (You found it on level 3 of the Elven Halls)
 46811 | Elf:3    | Got a translucent chain mail
 46822 | Elf:3    | Identified the cursed +1 chain mail of Xofoh {rElec rF+} (You found it on level 3 of the Elven Halls)
 46949 | Elf:3    | Got a steaming dagger
 46950 | Elf:3    | Identified the cursed +2 dagger "Fuojul" {pierce, rElec MR+ Str+3 Dex-3} (You found it on level 3 of the Elven Halls)
 47320 | Elf:3    | Reached skill level 1 in Translocations
 48073 | Vaults:3 | Learned a level 5 spell: Phase Shift
 48597 | Vaults:3 | Received a gift from Okawaru
 48782 | Vaults:3 | Cast into the Abyss (vault warden)
 48812 | Vaults:3 | Escaped the Abyss
 49453 | Vaults:3 | Found Moywnoim's Antique Weapon Boutique.
 49469 | Vaults:3 | Bought a transparent dagger for 287 gold pieces
 49471 | Vaults:3 | Identified the +8 dagger of Indignation {venom, rPois MP+9 Str+4} (You bought it in a shop on level 3 of the Vaults)
 49615 | Vaults:3 | Reached skill level 20 in Dodging
 49682 | Vaults:4 | Got a jewelled shield
 49693 | Vaults:4 | Identified the +2 shield "Haeh" {rN+ Str+10 Dex-4 Slay-4} (You found it on level 4 of the Vaults)
 49722 | Vaults:4 | Reached skill level 5 in Translocations
 49793 | Vaults:4 | Received a gift from Okawaru
 50070 | Vaults:4 | Lost mutation: You are partially covered in yellow scales (AC +2). [potion of mutation]
 50130 | Vaults:4 | Received a gift from Okawaru
 50310 | Vaults:4 | Reached skill level 15 in Throwing
 50671 | Vaults:4 | Reached XP level 24. HP: 160/160 MP: 29/29
 50678 | Vaults:4 | Noticed Jory
 50901 | Vaults:4 | Killed Jory
 51552 | Vaults:4 | Received a gift from Okawaru
 51586 | Vaults:4 | Received a gift from Okawaru
 51631 | Vaults:4 | Gained mutation: You are partially covered in large bone plates (AC +2, SH +2). [mutagenic meat]
 51678 | Vaults:4 | Gained mutation: You can spit weak poison. [mutagenic meat]
 51805 | Vaults:4 | Received a gift from Okawaru
 51824 | Vaults:4 | Got a crude cloak {god gift}
 51835 | Vaults:4 | Identified the +0 cloak of Eputiost {+Inv} (Okawaru gifted it to you on level 4 of the Vaults)
 52025 | Vaults:5 | Entered Level 5 of the Vaults
 52597 | Vaults:4 | Reached skill level 10 in Charms
 53487 | Depths:2 | Noticed Nikola
 53490 | Depths:2 | Killed Nikola
 53677 | Depths:2 | Lost mutation: You are somewhat resistant to further mutation. [mutagenic meat]
 53679 | Depths:2 | Gained mutation: You have large cloven feet. [mutagenic meat]
 53790 | Depths:2 | Lost mutation: You have large cloven feet. [mutagenic meat]
 53791 | Depths:2 | Lost mutation: Your magical capacity is very low (-20% MP). [mutagenic meat]
 53792 | Depths:2 | Gained mutation: You are occasionally teleported to nearby monsters. [mutagenic meat]
 53847 | Depths:2 | Got a dazzling ring mail
 53853 | Depths:2 | Identified the +1 ring mail of Kacosm {+Fly rF+} (You found it on level 2 of the Depths)
 53884 | Depths:2 | Reached XP level 25. HP: 166/166 MP: 33/33
 53934 | Depths:2 | Reached skill level 10 in Translocations
 53987 | Depths:2 | Received a gift from Okawaru
 54571 | Depths:2 | Reached skill level 1 in Air Magic
 54609 | Depths:2 | Lost mutation: Your flesh is heat resistant. [mutagenic meat]
 54868 | Depths:3 | Found Xemaatys's Weapon Emporium.
 55128 | Depths:3 | Lost mutation: You are occasionally teleported to nearby monsters. [mutagenic meat]
 55129 | Depths:3 | Gained mutation: You are weak. (Str -2) [mutagenic meat]
 55149 | Depths:3 | Noticed Margery
 55198 | Depths:3 | Killed Margery
 55206 | Depths:3 | Gained mutation: Scrolls take you longer to read. [mutagenic glow]
 55239 | Depths:3 | Gained mutation: You are clumsy. (Dex -2) [mutagenic glow]
 55240 | Depths:3 | Got a sparkling steel ring
 55243 | Depths:3 | Identified the ring "Qaon Lai" {rC+ MR+ MP+9 Dex+4 Slay-5} (You found it on level 3 of the Depths)
 55306 | Depths:3 | Found Geashro's Antique Armour Emporium.
 55397 | Depths:3 | Bought a glowing helmet for 130 gold pieces
 55448 | Depths:3 | Received a gift from Okawaru
 55494 | Depths:3 | Your ally Margery died
 55499 | Depths:3 | Lost mutation: You are weak. (Str -2) [helix card]
 55592 | Depths:3 | Reached skill level 5 in Air Magic
 55623 | Depths:3 | Got an iridescent blowgun
 55624 | Depths:3 | Identified the +2 blowgun of Impermanence {speed, rElec rN+ Dex+2} (You found it on level 3 of the Depths)
 55631 | Depths:3 | Got a pitted lapis lazuli ring
 55634 | Depths:3 | Identified the ring "Befushra" {+Blink rPois MP+9 Str-5 Dex+8} (You took it off a salamander on level 3 of the Depths)
 55945 | Depths:3 | Found a one-way gate leading to the halls of Pandemonium.
 56089 | Depths:3 | Lost mutation: You can spit weak poison. [mutagenic meat]
 56090 | Depths:3 | Gained mutation: Your magical capacity is very low (-20% MP). [mutagenic meat]
 56166 | Depths:3 | Reached XP level 26. HP: 151/172 MP: 31/31
 56184 | Depths:3 | Got a translucent jade ring
 56186 | Depths:3 | Identified the ring of Gugrof {rPois rF- rC+ MP-9 SInv} (You found it on level 3 of the Depths)
 56483 | Depths:4 | Received a gift from Okawaru
 56489 | Depths:4 | Got a brightly glowing chain mail {god gift}
 56500 | Depths:4 | Identified the +10 chain mail of the Ladybird {rC+ Str+6 Dex+2 Slay+3} (Okawaru gifted it to you on level 4 of the Depths)
 56696 | Depths:4 | Found Odiguc's Food Shoppe.
 56705 | Depths:4 | Bought a meat ration for 50 gold pieces
 56705 | Depths:4 | Bought a meat ration for 50 gold pieces
 56705 | Depths:4 | Bought a meat ration for 50 gold pieces
 56705 | Depths:4 | Bought a meat ration for 50 gold pieces
 56705 | Depths:4 | Bought a meat ration for 50 gold pieces
 56746 | Depths:4 | Found a one-way gate to the infinite horrors of the Abyss.
 57138 | Depths:4 | Reached skill level 21 in Stealth
 57140 | Depths:4 | Noticed an ancient lich
 57190 | Depths:4 | Killed an ancient lich
 57536 | Depths:5 | Entered Level 5 of the Depths
 57548 | Depths:5 | Identified the Disquisition on Lethal Protection (You found it on level 5 of the Depths)
 57778 | Depths:5 | Reached skill level 22 in Stealth
 57822 | Depths:5 | Gained mutation: You often lose your temper in combat. [mutagenic meat]
 57823 | Depths:5 | Lost mutation: You often lose your temper in combat. [mutagenic meat]
 57824 | Depths:5 | Gained mutation: Your system is resistant to poisons. [mutagenic meat]
 57959 | Depths:5 | Found a gateway to a ziggurat.
 58019 | Depths:5 | Got a bound pewter amulet
 58022 | Depths:5 | Identified the amulet of Zoxaem {Stasis rN++} (You found it on level 5 of the Depths)
 58085 | Depths:5 | Received a gift from Okawaru
 58142 | Depths:5 | Found a gate to the Realm of Zot.
 58150 | Depths:5 | Reached skill level 23 in Stealth
 58304 | Depths:5 | Received a gift from Okawaru
 58378 | Depths:5 | Got a topaz-encrusted chain mail
 58389 | Depths:5 | Identified the cursed +0 chain mail of Peek-a-Boo {rC- MR+ Str+5 Dex+4} (You found it on level 5 of the Depths)
 58690 | Depths:5 | Received a gift from Okawaru
 58716 | Depths:5 | Found Husaciaj's Antique Weapon Shop.
 58965 | Depths:5 | Reached skill level 24 in Stealth
 59277 | D:14     | Reached XP level 27. HP: 177/177 MP: 31/31
 59610 | Snake:1  | Entered Level 1 of the Snake Pit
 59683 | Snake:1  | Noticed Roxanne
 59732 | Snake:1  | Killed Roxanne
 59999 | Snake:1  | Learned a level 3 spell: Flight
 60045 | Snake:1  | Noticed Josephine
 60065 | Snake:1  | Killed Josephine
 60074 | Snake:1  | Noticed Louise
 60074 | Snake:1  | Noticed Azrael
 60103 | Snake:1  | Killed Azrael
 60115 | Snake:1  | Killed Louise
 60115 | Snake:1  | Received a gift from Okawaru
 60266 | Snake:1  | Found Atoremna's Food Shop.
 60297 | Snake:1  | Bought a meat ration for 65 gold pieces
 60297 | Snake:1  | Bought a meat ration for 65 gold pieces
 60297 | Snake:1  | Bought a meat ration for 65 gold pieces
 60340 | Snake:1  | Your ally Josephine died
 60968 | Snake:2  | Reached skill level 10 in Armour
 61025 | Snake:2  | Got a crude lead ring
 61028 | Snake:2  | Identified the ring of Vanity {rC+ MR+ Str+2 Dex+4} (You found it on level 2 of the Snake Pit)
 62130 | Snake:4  | Received a gift from Okawaru
 62590 | Snake:5  | Entered Level 5 of the Snake Pit
 62740 | Snake:5  | Received a gift from Okawaru
 63079 | Snake:5  | Received a gift from Okawaru
 63544 | Snake:5  | Reached skill level 1 in Necromancy
 63620 | Snake:5  | Received a gift from Okawaru
 63858 | Snake:5  | Identified a +9 rod of the swarm (14/14) (You found it on level 5 of the Snake Pit)
 64058 | Snake:5  | Was placed under penance by Okawaru
 64135 | Snake:5  | Reached skill level 5 in Necromancy
 64335 | Snake:5  | Was forgiven by Okawaru
 64926 | Snake:5  | Lost mutation: You are clumsy. (Dex -2) [mutagenic meat]
 64928 | Snake:5  | Gained mutation: Your body is slowly deteriorating. [mutagenic meat]
 64991 | Snake:5  | Got a serpentine rune of Zot
 65737 | Vaults:5 | Noticed Sojobo
 66072 | Vaults:5 | Reached skill level 10 in Air Magic
 66112 | Vaults:5 | Noticed xeno23's ghost (mighty DsAK)
 66172 | Vaults:5 | Killed xeno23's ghost
 66265 | Vaults:5 | Lost mutation: Scrolls take you longer to read. [mutagenic meat]
 66266 | Vaults:5 | Gained mutation: Your flesh is heat resistant. [mutagenic meat]
 66521 | Vaults:5 | Received a gift from Okawaru
 66710 | Vaults:5 | Received a gift from Okawaru
 66934 | Vaults:5 | Received a gift from Okawaru
 67075 | Vaults:5 | Identified Roxanne's Guide on Shape Shifting
 67165 | Vaults:5 | Received a gift from Okawaru
 67335 | Vaults:5 | Killed Sojobo
 67346 | Vaults:5 | Got a glittering steel ring
 67351 | Vaults:5 | Identified the ring "Vadaack" {rC++ MR+ Dex+3} (You took it off a tengu reaver on level 5 of the Vaults)
 68167 | Vaults:5 | Got a silver rune of Zot
 68298 | Vaults:5 | Got a translucent jade amulet
 68301 | Vaults:5 | Identified the amulet "Roghihoh" {Clar rElec rC+} (You took it off an ironbrand convoker on level 5 of the Vaults)
 68401 | Vaults:5 | Got a pitted scale mail
 68412 | Vaults:5 | Identified the +6 scale mail of Intercession {rF- rN+ Dex+3 SInv} (You took it off a vault warden on level 5 of the Vaults)
 68931 | Zot:1    | Entered Level 1 of the Realm of Zot
 69199 | Zot:1    | Received a gift from Okawaru
 69747 | Zot:1    | Received a gift from Okawaru
 69758 | Zot:1    | Got a transparent dagger {god gift}
 69760 | Zot:1    | Identified the +1 dagger of Okawaru's Approval {antimagic, rElec Dex+4 Stlth+} (Okawaru gifted it to you on level 1 of the Realm of Zot)
 69863 | Zot:1    | Reached skill level 1 in Long Blades
 70594 | Zot:2    | Reached skill level 5 in Long Blades
 70699 | Zot:2    | Received a gift from Okawaru
 72279 | Zot:2    | Upgraded the game from 0.17-a0-725-gfa8c127 to 0.17-a0-744-gaa96792
 73017 | Zot:3    | Noticed Tiamat
 73021 | Zot:3    | Received a gift from Okawaru
 73059 | Zot:3    | HP: 2/182 [Tiamat/demon trident of venom (38)]
 73059 | Zot:3    | Slain by a mottled draconian knight

Action                   |  1- 3 |  4- 6 |  7- 9 | 10-12 | 13-15 | 16-18 | 19-21 | 22-24 | 25-27 || total
-------------------------+-------+-------+-------+-------+-------+-------+-------+-------+-------++-------
Melee: Dagger            |    84 |   212 |   410 |   775 |  1652 |   256 |       |   998 |  3657 ||  8044
       Short sword       |       |       |   199 |    85 |       |       |   190 |  1398 |   433 ||  2305
       Rapier            |       |       |       |       |       |  1461 |  1626 |       |       ||  3087
       Katana            |       |       |       |       |       |       |       |       |   213 ||   213
 Fire: Blowgun           |     9 |    19 |    87 |    16 |    35 |    10 |    13 |    94 |   179 ||   462
Throw: Tomahawk          |       |       |       |    12 |    21 |       |    61 |    32 |   155 ||   281
       Throwing net      |       |       |       |       |       |       |       |    12 |    76 ||    88
 Cast: Animate Skeleton  |       |       |       |       |       |       |       |   103 |   188 ||   291
       Repel Missiles    |       |       |       |       |       |       |       |    10 |    14 ||    24
       Regeneration      |       |       |       |       |       |       |       |     9 |    45 ||    54
       Blink             |       |       |       |       |       |       |       |     7 |    28 ||    35
       Phase Shift       |       |       |       |       |       |       |       |       |    26 ||    26
       Deflect Missiles  |       |       |       |       |       |       |       |       |     3 ||     3
       Flight            |       |       |       |       |       |       |       |       |     2 ||     2
Invok: Heroism           |       |       |       |     4 |     7 |     7 |    14 |     7 |    13 ||    52
       Finesse           |       |       |       |       |     1 |       |     2 |     1 |       ||     4
 Abil: Evoke Invisibilit |       |       |       |    17 |    26 |    16 |    25 |    14 |    19 ||   117
       Stop Flying       |       |       |       |       |       |     1 |       |       |       ||     1
       Evoke Flight      |       |       |       |       |       |     1 |       |       |       ||     1
Evoke: Deck              |       |       |       |       |     3 |     5 |       |     1 |     4 ||    13
       Wand              |       |       |       |       |     6 |     4 |     6 |     4 |     1 ||    21
       Fan of gales      |       |       |       |       |       |       |     1 |       |       ||     1
       Rod               |       |       |       |       |       |       |       |       |     2 ||     2
  Use: Potion            |       |     1 |       |     2 |     4 |     3 |     4 |     5 |     1 ||    20
       Scroll            |       |       |       |    26 |    11 |    11 |    17 |    10 |    26 ||   101
 Stab: Sleeping          |     4 |     9 |    16 |    17 |    45 |    79 |    69 |    79 |    99 ||   417
       Distracted        |       |     1 |     3 |     2 |     7 |    10 |    14 |    24 |    67 ||   128
       Invisible         |       |       |       |    58 |   120 |    76 |   121 |    66 |    95 ||   536
       Confused          |       |       |       |       |     2 |     1 |    12 |    28 |    54 ||    97
       Fleeing           |       |       |       |       |     2 |     1 |       |       |       ||     3
       Held in net/web   |       |       |       |       |       |       |     2 |     7 |    55 ||    64
       Paralysed         |       |       |       |       |       |       |       |       |     8 ||     8
       Betrayed ally     |       |       |       |       |       |       |       |       |     1 ||     1
  Eat: Chunk             |       |     5 |    28 |    37 |    47 |    50 |    94 |   110 |   120 ||   491
       Beef jerky        |       |     1 |       |       |       |       |       |       |     7 ||     8
       Meat ration       |       |       |     1 |       |       |       |       |       |       ||     1
       Pizza             |       |       |       |       |       |       |     1 |       |     6 ||     7
